[Event "Titled Tuesday Blitz January 17 Late 2023"]
[White "Cori T., Deysi"]
[Black "Hajiyev, Kanan"]
[WhiteFideId "3801934"]
[BlackFideId "13404148"]
[WhiteElo "2362"]
[BlackElo "2197"]
[Result "1-0"]
[Round "06"]
[TimeControl "180+2"]
[Date "2023.01.17"]
[WhiteClock "0:00:12"]
[BlackClock "0:00:05"]

1. Nf3 d5 2. d4 c5 3. e3 cxd4 4. exd4 Nc6 5. c3 Bg4 6. h3 Bh5 7. Be2 Qc7 8. O-O e6 9. Ne5 Bxe2 10. Qxe2 Nf6 11. Nd2 Bd6 12. f4 h5 13. Ndf3 Ne4 14. Qe1 O-O-O 15. Be3 Ne7 16. Nxf7 Nf5 17. Nxh8 Rxh8 18. Ne5 Neg3 19. Rf3 h4 20. Bf2 Ne4 21. Qd1 g5 22. fxg5 Nxg5 23. Rf4 Bxe5 24. dxe5 Qxe5 25. Qg4 Ne4 26. Re1 Nh6 27. Qf3 Nf5 28. Qg4 Qc7 29. Rxf5 exf5 30. Qxf5+ Qd7 31. Qe5 Re8 32. Qh5 Rg8 33. Qxh4 Qf5 34. Bxa7 Qf3 35. g4 Ng3 36. Bc5 Qh1+ 37. Kf2 Ne4+ 38. Ke3 Qg2 39. Re2 Qg1+ 40. Kf3 Nxc5 41. Qe7 Qf1+ 42. Kg3 Ne4+ 43. Rxe4 Qg1+ 44. Kf4 Qf2+ 45. Ke5 dxe4 46. Qe6+ Kc7 47. Qxg8 e3 48. Qc4+ Kb6 49. Qd4+ Kc7 50. Qd6+ Kc8 51. Qe6+ Kc7 52. Qd6+ Kc8 53. Qc5+ Kb8 54. Qd6+ Ka7 55. Qc5+ Kb8 56. Qd6+ Ka7 57. Qd4+ Ka6 58. Qa4+ Kb6 59. Qb4+ Kc7 60. Qe7+ Kb6 61. Qb4+ Ka7 62. Qd4+ b6 63. Ke4 Qxb2 64. Kxe3 Qxa2 65. h4 Qe6+ 66. Qe4 Qa2 67. h5 Qh2 68. c4 Ka6 69. Kd3 Qg3+ 70. Kd4 Qf2+ 71. Kd5 Qf7+ 72. Ke5 Qe7+ 73. Kf4 Qf7+ 74. Kg3 Qf8 75. Qf4 Qc5 76. Kh4 Ka5 77. g5 Kb4 78. h6 Qg1 79. Kh5 Qh1+ 80. Kg6 Qc6+ 81. Qf6 Qe8+ 82. Qf7 Qe4+ 83. Kg7 Qd4+ 84. Qf6 Qd7+ 85. Kg6 Qe8+ 86. Kf5 Qd7+ 87. Qe6 Qd3+ 88. Kf6 Qf3+ 89. Ke7 Qb7+ 90. Kf8 Qb8+ 91. Kf7 Qc7+ 92. Qe7+ Qc5 93. h7 Kxc4 94. Qxc5+ Kxc5 95. h8=Q b5 96. Qe5+ Kc4 97. g6 b4 98. g7 b3 99. g8=Q 1-0


[Site "https://www.chess.com"]

[Event "Titled Tuesday Blitz January 17 Late 2023"]
[White "Fishbein, Mitch"]
[Black "Berezin, Viktor"]
[WhiteFideId "30922917"]
[BlackFideId "14107872"]
[WhiteElo "2120"]
[BlackElo "2307"]
[Result "1-0"]
[Round "06"]
[TimeControl "180+2"]
[Date "2023.01.17"]
[WhiteClock "0:00:20"]
[BlackClock "0:00:05"]

1. d4 Nf6 2. c4 g6 3. Nc3 Bg7 4. e4 O-O 5. Nf3 d6 6. Be2 e5 7. O-O Na6 8. Re1 Qe8 9. Bf1 c6 10. h3 Nh5 11. d5 Qe7 12. Be3 f5 13. exf5 Bxf5 14. g4 Bxg4 15. hxg4 Nf4 16. Ne4 h6 17. dxc6 bxc6 18. Qxd6 Qxd6 19. Nxd6 Rad8 20. c5 Nb4 21. Red1 Nc2 22. Rac1 Nxe3 23. fxe3 Nd5 24. Nh2 Nxe3 25. Re1 Nxf1 26. Rxf1 Rf4 27. Rxf4 exf4 28. b3 Bd4+ 29. Kg2 Bxc5 30. Rxc5 Rxd6 31. Nf3 g5 32. Ra5 Rd7 33. Ra6 Re7 34. Nd4 Re4 35. Nf5 Re2+ 36. Kf3 Re1 37. Rxa7 Rf1+ 38. Ke4 Re1+ 39. Kd4 f3 40. Nxh6+ Kh8 41. Rf7 Re2 42. Rxf3 Rxa2 43. Nf5 Kh7 44. Rc3 Rg2 45. Ne3 Rd2+ 46. Ke4 Rd6 47. Nf5 Re6+ 48. Kd4 Kg6 49. Rxc6 Rxc6 50. Ne7+ Kf6 51. Nxc6 Ke6 52. Ne5 1-0


[Site "https://www.chess.com"]

[Event "Titled Tuesday Blitz January 17 Late 2023"]
[White "Chernomordik, Pavel"]
[Black "Musovic, Armin"]
[WhiteFideId "2804530"]
[BlackFideId "939935"]
[WhiteElo "2150"]
[BlackElo "2261"]
[Result "0-1"]
[Round "06"]
[TimeControl "180+2"]
[Date "2023.01.17"]
[WhiteClock "0:00:04"]
[BlackClock "0:00:20"]

1. e4 c6 2. Nc3 d5 3. Nf3 dxe4 4. Nxe4 Nf6 5. Qe2 Nxe4 6. Qxe4 Qd5 7. Qf4 Qe6+ 8. Be2 Qg4 9. Qc7 Qd7 10. Qg3 Qg4 11. Qc7 Qd7 12. Qg3 Qd6 13. Qh4 Qf6 14. Qg3 Qd6 15. Qh4 e6 16. O-O Be7 17. Qe4 f5 18. Qe3 Nd7 19. d4 O-O 20. Bc4 Nb6 21. Bb3 Nd5 22. Qe2 Bf6 23. Re1 Bd7 24. c4 Nc7 25. g3 Qe7 26. Bf4 Rac8 27. d5 Qf7 28. d6 Na6 29. Ne5 Bxe5 30. Bxe5 Nc5 31. Bc2 b6 32. f3 Nb7 33. b4 c5 34. b5 Nd8 35. Kh1 Qh5 36. Kg2 Nf7 37. Rf1 Rcd8 38. h4 Qg6 39. Rad1 h6 40. g4 Rfe8 41. Kh2 Kf8 42. Bc3 e5 43. Rg1 e4 44. gxf5 Qxf5 45. Bxg7+ Kg8 46. Bf6+ Ng5 47. Rxg5+ hxg5 48. Bxd8 Qh3+ 49. Kg1 exf3 50. Qh2 Qg4+ 51. Kh1 Re2 52. Rg1 Rxh2+ 0-1


[Site "https://www.chess.com"]

[Event "Titled Tuesday Blitz January 17 Late 2023"]
[White "Fisher_TheGalactic"]
[Black "AidenRchess"]
[WhiteElo "2537"]
[BlackElo "2443"]
[Result "1/2-1/2"]
[Round "06"]
[TimeControl "180+2"]
[Date "2023.01.17"]
[WhiteClock "0:00:06"]
[BlackClock "0:00:26"]

1. Nf3 Nf6 2. g3 g6 3. Bg2 Bg7 4. O-O d5 5. d3 O-O 6. Nbd2 c5 7. e4 Nc6 8. exd5 Nxd5 9. Nc4 b5 10. Ne3 Bb7 11. Re1 e6 12. Nxd5 exd5 13. c3 b4 14. Qc2 Qb6 15. Bf4 a5 16. Ne5 Rfe8 17. Ng4 d4 18. c4 h5 19. Nh6+ Bxh6 20. Bxh6 Ne5 21. Bf4 Bxg2 22. Bxe5 Qc6 23. f4 Bh3 24. f5 Bxf5 25. Bf4 Qf3 26. Qd2 Qxd3 27. Qxd3 Bxd3 28. b3 Bf5 29. Bd6 d3 30. Kf2 Red8 31. Bxc5 d2 32. Red1 Bg4 33. Be3 Bxd1 34. Rxd1 a4 35. Rxd2 Rxd2+ 36. Bxd2 axb3 37. axb3 Ra2 38. Ke3 Rb2 39. c5 Rxb3+ 40. Kd4 Rb2 41. Kd3 b3 42. c6 Rc2 43. Bc3 Ra2 44. c7 Ra8 45. Bf6 Kf8 46. Kc3 Ke8 47. Kxb3 Kd7 48. Bd8 Rc8 49. Kc4 Rxc7+ 50. Bxc7 Kxc7 51. Kd5 Kd7 52. h4 f6 53. Ke4 Ke6 54. Kf4 Kd6 55. Ke4 Ke7 56. Kd5 Kd7 57. Kd4 Kd6 58. Ke4 Ke6 59. Kf4 Kd5 60. Kf3 Ke5 61. Ke3 g5 62. hxg5 fxg5 63. Kf3 g4+ 64. Ke3 Kf5 65. Kd3 Kg5 66. Ke3 h4 67. gxh4+ Kxh4 68. Kf2 Kh3 69. Kg1 Kg3 70. Kh1 Kh3 71. Kg1 g3 72. Kh1 Kh4 73. Kg2 Kg4 74. Kg1 Kf3 75. Kf1 Ke3 76. Kg2 Kf4 77. Kg1 Kf5 78. Kg2 Kg4 79. Kg1 Kh3 80. Kh1 Kh4 81. Kg2 Kg4 1/2-1/2


[Site "https://www.chess.com"]

[Event "Titled Tuesday Blitz January 17 Late 2023"]
[White "Mendez Fortes, Eduardo Jesus"]
[Black "Forgacs, Attila Jr."]
[WhiteFideId "3502376"]
[BlackFideId "773654"]
[WhiteElo "2250"]
[BlackElo "2264"]
[Result "1-0"]
[Round "06"]
[TimeControl "180+2"]
[Date "2023.01.17"]
[WhiteClock "0:01:27"]
[BlackClock "0:00:38"]

1. e4 e5 2. Nf3 Nc6 3. Bb5 a6 4. Ba4 Nf6 5. O-O Be7 6. Re1 b5 7. Bb3 O-O 8. c3 d5 9. exd5 Nxd5 10. Nxe5 Nxe5 11. Rxe5 c6 12. d4 Bd6 13. Re1 Qh4 14. g3 Qh3 15. Re4 g5 16. Qe2 Bf5 17. Nd2 h6 18. f3 Bxe4 19. fxe4 Rae8 20. Qf3 Nc7 21. e5 Be7 22. Qxc6 Ne6 23. Qg2 Qg4 24. h3 Qf5 25. Ne4 f6 26. g4 Qg6 27. Bxe6+ Kg7 28. Bf5 Qf7 29. e6 Qg8 30. d5 Rd8 31. Ng3 Bc5+ 32. Kh1 h5 33. Nxh5+ Kh6 34. h4 Rd6 35. hxg5+ fxg5 36. Qh2 Rxf5 37. gxf5 Qa8 38. Ng3+ Kg7 39. f6+ Kxf6 40. Qh6+ Ke7 41. Bxg5+ Ke8 42. Qh8# 1-0


[Site "https://www.chess.com"]

[Event "Titled Tuesday Blitz January 17 Late 2023"]
[White "Munoz, Francisco Javier"]
[Black "Jorajuria Mendoza, Algol"]
[WhiteFideId "128368"]
[BlackFideId "5128897"]
[WhiteElo "2389"]
[BlackElo "2069"]
[Result "1/2-1/2"]
[Round "06"]
[TimeControl "180+2"]
[Date "2023.01.17"]
[WhiteClock "0:00:24"]
[BlackClock "0:00:52"]

1. e4 g6 2. Nc3 Bg7 3. d4 d6 4. Be3 b6 5. Qd2 Bb7 6. O-O-O Nd7 7. Kb1 c5 8. f3 Rc8 9. Nge2 a6 10. g4 h6 11. h4 Qc7 12. h5 g5 13. Ng3 e6 14. d5 e5 15. Nf5 Bf6 16. Bb5 Ne7 17. Nxe7 Kxe7 18. Bc6 b5 19. Bxb7 Qxb7 20. Ne2 Nb6 21. b3 b4 22. Ng3 a5 23. Rdf1 a4 24. Nf5+ Kd7 25. Qe2 c4 26. Qf2 cxb3 27. cxb3 axb3 28. Bxb6 Rc2 29. Qe3 Rc3 30. Qf2 Rc2 31. Qe3 Rc3 32. Qf2 Rc2 1/2-1/2


[Site "https://www.chess.com"]

[Event "Titled Tuesday Blitz January 17 Late 2023"]
[White "Melikhov, Evgeny V."]
[Black "Sowa, Ryan"]
[WhiteFideId "4122046"]
[BlackFideId "30901693"]
[WhiteElo "2269"]
[BlackElo "2073"]
[Result "0-1"]
[Round "06"]
[TimeControl "180+2"]
[Date "2023.01.17"]
[WhiteClock "0:00:03"]
[BlackClock "0:00:09"]

1. d4 Nh6 2. c4 g6 3. Nc3 f5 4. e4 fxe4 5. Nxe4 Bg7 6. Nf3 d6 7. Bg5 Bg4 8. Qd2 Bxf3 9. gxf3 Nf5 10. d5 Nd7 11. Ng3 Nd4 12. O-O-O c5 13. Bh6 Bf6 14. Ne4 Nxf3 15. Nxf6+ Nxf6 16. Qe3 Ne5 17. Bg7 Neg4 18. Qe6 Rg8 19. Bxf6 Nxf6 20. Bh3 Rg7 21. Rhe1 Kf8 22. f4 a6 23. f5 g5 24. Re3 b5 25. Rg1 bxc4 26. Bf1 Qc8 27. Bxc4 Qxe6 28. fxe6 Kg8 29. Rb3 g4 30. Rb7 h5 31. Kd2 Kh7 32. Ke3 Kh6 33. Kf4 Rf8 34. Kg3 Ne4+ 35. Kh4 Rf3 36. Bf1 Rf4 37. Rb3 g3+ 38. Kh3 Nf2+ 39. Kg2 gxh2+ 40. Kxh2 Rh4+ 41. Bh3 Rxg1 42. Kxg1 Nxh3+ 43. Kg2 Nf4+ 44. Kg3 Rg4+ 45. Kf3 Nxd5 46. Rb7 a5 47. Rd7 Kg6 48. Rd8 Kf6 49. Rf8+ Kxe6 50. Rh8 Rf4+ 51. Ke2 h4 52. Rh5 a4 53. b3 axb3 54. axb3 Rb4 55. Kf2 Rxb3 56. Rxh4 Kd7 57. Ke2 Kc6 58. Kd2 e5 59. Rh8 Rb4 60. Rc8+ Kd7 61. Rh8 Rb3 62. Kc2 Rg3 63. Kd2 Kc6 64. Rc8+ Kd7 65. Rh8 Nb6 66. Kc2 Kc6 67. Rh6 e4 68. Rh5 d5 69. Rh6+ Kb5 70. Kd2 d4 71. Re6 Rg2+ 72. Kd1 e3 73. Rf6 Nd5 74. Rg6 Kc4 75. Rxg2 Kd3 76. Rd2+ Ke4 77. Rh2 d3 78. Rh4+ Nf4 79. Rg4 c4 80. Rg8 c3 81. Re8+ Kf3 82. Rc8 e2+ 83. Kc1 e1=R# 0-1


[Site "https://www.chess.com"]

[Event "Titled Tuesday Blitz January 17 Late 2023"]
[White "Mesa Cruz, Juan Carlos"]
[Black "Ozates, Tuna"]
[WhiteFideId "6423400"]
[BlackFideId "6354521"]
[WhiteElo "2122"]
[BlackElo "2251"]
[Result "0-1"]
[Round "06"]
[TimeControl "180+2"]
[Date "2023.01.17"]
[WhiteClock "0:00:07"]
[BlackClock "0:02:21"]

1. e4 e5 2. Nf3 Nc6 3. Bc4 Bc5 4. c3 Nf6 5. d3 O-O 6. Nbd2 d5 7. exd5 Nxd5 8. O-O Bg4 9. Re1 Re8 10. h3 Bh5 11. Ne4 Bf8 12. b4 a6 13. Bg5 Qd7 14. a4 f5 15. Qb3 Bf7 16. Nc5 Bxc5 17. bxc5 Na5 18. Qc2 e4 19. Bxd5 Bxd5 20. Nd4 exd3 0-1


[Site "https://www.chess.com"]

[Event "Titled Tuesday Blitz January 17 Late 2023"]
[White "Artemenko, Oleg"]
[Black "Rodriguez Fontecha, Marcos"]
[WhiteFideId "14201798"]
[BlackFideId "2256576"]
[WhiteElo "2246"]
[BlackElo "2309"]
[Result "0-1"]
[Round "06"]
[TimeControl "180+2"]
[Date "2023.01.17"]
[WhiteClock "0:00:16"]
[BlackClock "0:00:13"]

1. e4 e6 2. d4 c5 3. c3 b6 4. Bd3 Bb7 5. Nd2 Nf6 6. Ngf3 d5 7. e5 Ne4 8. O-O Be7 9. Re1 Nxd2 10. Bxd2 Nc6 11. a3 Qc7 12. Rc1 O-O-O 13. b4 c4 14. Bc2 Rde8 15. a4 f6 16. Bf4 f5 17. h4 g6 18. Qd2 Qd8 19. g3 Reg8 20. Bg5 Qf8 21. Bxe7 Qxe7 22. Qg5 h6 23. Qxe7 Nxe7 24. Kf1 g5 25. Ke2 Bc6 26. Ra1 Be8 27. Bd1 a6 28. Kd2 Bh5 29. Rh1 Bxf3 30. Bxf3 g4 31. Be2 h5 32. Rag1 Ng6 33. f3 Rf8 34. Rf1 Kd7 35. Ke3 Ke7 36. Rf2 f4+ 37. gxf4 Rxf4 38. fxg4 Re4+ 39. Kd2 hxg4 40. h5 g3 41. Rf6 Nh4 42. Rg1 Nf5 43. Bd1 Rf4 44. Rg2 Rf1 45. Be2 Ra1 46. Bg4 Ra2+ 47. Ke1 Rxg2 48. Bxf5 exf5 49. Rxb6 Rxh5 50. Rb7+ Kf8 51. Kf1 Rf2+ 52. Kg1 f4 53. e6 f3 54. Rb8+ Ke7 55. Rb7+ Kxe6 56. Rb6+ Kf5 57. Rb8 Rg2+ 58. Kf1 Rh1# 0-1


[Site "https://www.chess.com"]

[Event "Titled Tuesday Blitz January 17 Late 2023"]
[White "Boyer, Mahel"]
[Black "Harish, Neeraj"]
[WhiteFideId "45102422"]
[BlackFideId "30958130"]
[WhiteElo "2489"]
[BlackElo "2232"]
[Result "1-0"]
[Round "06"]
[TimeControl "180+2"]
[Date "2023.01.17"]
[WhiteClock "0:01:58"]
[BlackClock "0:01:34"]

1. e4 c5 2. Nf3 Nc6 3. c3 Nf6 4. e5 Nd5 5. d4 cxd4 6. Bc4 Nb6 7. Bb3 d6 8. exd6 Qxd6 9. O-O Be6 10. Bxe6 Qxe6 11. Re1 Qd7 12. cxd4 e6 13. Nc3 Be7 14. Ne4 O-O 15. Ne5 Qxd4 16. Nxc6 Qxd1 17. Nxe7+ Kh8 18. Rxd1 Rfd8 19. Bg5 Rxd1+ 20. Rxd1 h6 21. Bh4 g5 22. Bg3 Re8 23. Be5+ 1-0


[Site "https://www.chess.com"]

[Event "Titled Tuesday Blitz January 17 Late 2023"]
[White "Kleiman, Jake"]
[Black "Pesotskiy, Mikhail"]
[WhiteFideId "2020041"]
[BlackFideId "34164453"]
[WhiteElo "2399"]
[BlackElo "2153"]
[Result "1-0"]
[Round "06"]
[TimeControl "180+2"]
[Date "2023.01.17"]
[WhiteClock "0:00:55"]
[BlackClock "0:00:02"]

1. d4 Nf6 2. c4 e6 3. Nc3 Bb4 4. e3 b6 5. Ne2 Bb7 6. a3 Bd6 7. Qc2 O-O 8. e4 e5 9. d5 Bc5 10. b4 Bd4 11. h3 Re8 12. Ng3 a5 13. Rb1 axb4 14. axb4 Na6 15. Bd3 c5 16. bxc5 Nxc5 17. O-O Ba6 18. Nb5 Bxb5 19. Rxb5 Qc7 20. Bg5 Ra3 21. Rd1 Rea8 22. Qe2 Ra2 23. Rd2 Rxd2 24. Qxd2 Ra3 25. Bxf6 Nxd3 26. Qg5 Bxf2+ 27. Kh2 Bxg3+ 28. Qxg3 g6 29. Qg5 Qc8 30. Rxb6 Nf4 31. Bxe5 Nh5 32. Rb8 Qxb8 33. Bxb8 1-0


[Site "https://www.chess.com"]

[Event "Titled Tuesday Blitz January 17 Late 2023"]
[White "Rodrigues, Tiago Pereira"]
[Black "Gurevich, Dmitry"]
[WhiteFideId "2101203"]
[BlackFideId "2000407"]
[WhiteElo "2155"]
[BlackElo "2393"]
[Result "1-0"]
[Round "06"]
[TimeControl "180+2"]
[Date "2023.01.17"]
[WhiteClock "0:02:07"]
[BlackClock "0:00:59"]

1. d4 Nf6 2. Bf4 c5 3. c3 cxd4 4. cxd4 g6 5. e3 Bg7 6. Nc3 O-O 7. h3 d6 8. Nf3 b6 9. Rc1 Bb7 10. Be2 Nc6 11. O-O Qd7 12. Bb5 a6 13. Ba4 b5 14. Bc2 Rfc8 15. a4 Na5 16. axb5 axb5 17. Bd3 Nc4 18. Qe2 Nd5 19. Bg5 b4 20. Nxd5 Bxd5 21. Bxc4 Rxc4 22. Rxc4 1-0


[Site "https://www.chess.com"]

[Event "Titled Tuesday Blitz January 17 Late 2023"]
[White "Kochetov, Andrey"]
[Black "Remolar Gallen, Jose"]
[WhiteFideId "24130532"]
[BlackFideId "2215187"]
[WhiteElo "2165"]
[BlackElo "2285"]
[Result "1-0"]
[Round "06"]
[TimeControl "180+2"]
[Date "2023.01.17"]
[WhiteClock "0:00:04"]
[BlackClock "0:00:02"]

1. e4 d6 2. d4 Nf6 3. Bd3 g6 4. f4 Bg7 5. Nf3 O-O 6. O-O c5 7. c3 cxd4 8. cxd4 Nc6 9. Nc3 Bg4 10. Be3 Nd7 11. Bc2 e5 12. d5 Nd4 13. fxe5 dxe5 14. Ne2 Qb6 15. Rb1 Rac8 16. Ba4 Nc5 17. Bc2 Na6 18. Nexd4 exd4 19. Bf2 Nb4 20. Bb3 Rfe8 21. h3 Bd7 22. e5 Bb5 23. Bxd4 Qa6 24. Re1 Nd3 25. Re3 Nf4 26. Kh1 Bd3 27. Rc1 Rxc1 28. Qxc1 Ne2 29. Qd2 Nxd4 30. Nxd4 Bb1 31. e6 Qf1+ 32. Kh2 fxe6 33. Nxe6 Bh6 34. Qe1 Qf5 35. Rf3 1-0


[Site "https://www.chess.com"]

[Event "Titled Tuesday Blitz January 17 Late 2023"]
[White "Janaszak, Dawid"]
[Black "Zeman, Matyas"]
[WhiteFideId "1119206"]
[BlackFideId "364398"]
[WhiteElo "2316"]
[BlackElo "2296"]
[Result "1-0"]
[Round "06"]
[TimeControl "180+2"]
[Date "2023.01.17"]
[WhiteClock "0:00:48"]
[BlackClock "0:00:05"]

1. e4 e6 2. b3 d5 3. Bb2 dxe4 4. Nc3 Nf6 5. Qe2 Qd4 6. O-O-O Nc6 7. f3 Bb4 8. Kb1 Qd8 9. Nxe4 Nxe4 10. Qxe4 O-O 11. Bd3 f5 12. Qe3 e5 13. g4 Qd6 14. Nh3 a5 15. gxf5 Bxf5 16. Bc4+ Kh8 17. Ng5 Nd4 18. Ne4 Bxe4 19. Qxe4 b5 20. Bd3 g6 21. Rde1 Rae8 22. f4 Bxd2 23. fxe5 Bxe1 24. Bxd4 Bf2 25. exd6+ 1-0


[Site "https://www.chess.com"]

[Event "Titled Tuesday Blitz January 17 Late 2023"]
[White "Fernandez Garcia, Gumersindo"]
[Black "Qiao, Cindy"]
[WhiteFideId "24516740"]
[BlackFideId "2620243"]
[WhiteElo "2160"]
[BlackElo "1785"]
[Result "1-0"]
[Round "06"]
[TimeControl "180+2"]
[Date "2023.01.17"]
[WhiteClock "0:00:29"]
[BlackClock "0:00:21"]

1. e4 c5 2. d4 cxd4 3. c3 Nf6 4. Bd3 d6 5. cxd4 Nc6 6. Nf3 g6 7. O-O Bg7 8. Nc3 O-O 9. h3 Bd7 10. Be3 a6 11. Rc1 Rc8 12. Bb1 Na5 13. b3 b5 14. Qd2 Re8 15. Rfd1 Bc6 16. d5 Bd7 17. Bd4 Nb7 18. b4 a5 19. a3 axb4 20. axb4 Ra8 21. Bd3 Ra3 22. Qe2 Nh5 23. Bxg7 Kxg7 24. Bxb5 Rb3 25. Qc4 Rb2 26. Na4 Bxb5 27. Qd4+ Nf6 28. Nxb2 Qa8 29. Ra1 Qb8 30. g4 h6 31. Rdc1 Rc8 32. h4 Kh7 33. g5 Nh5 34. gxh6 Kxh6 35. Ng5 Nd8 36. Qh8# 1-0


[Site "https://www.chess.com"]

[Event "Titled Tuesday Blitz January 17 Late 2023"]
[White "Karttunen, Mika"]
[Black "Estrada Nieto, Julian"]
[WhiteFideId "502081"]
[BlackFideId "5101018"]
[WhiteElo "2490"]
[BlackElo "2215"]
[Result "1-0"]
[Round "06"]
[TimeControl "180+2"]
[Date "2023.01.17"]
[WhiteClock "0:00:10"]
[BlackClock "0:00:01"]

1. e4 e5 2. Nf3 Nc6 3. Bb5 a6 4. Ba4 Nf6 5. O-O Be7 6. Re1 b5 7. Bb3 d6 8. c3 O-O 9. h3 Bb7 10. d4 Re8 11. Nbd2 Bf8 12. a4 h6 13. Bc2 exd4 14. cxd4 Nb4 15. Bb1 c5 16. d5 Nd7 17. Ra3 c4 18. Rae3 g6 19. b3 Rc8 20. bxc4 bxc4 21. Bb2 Qb6 22. Bd4 Qc7 23. h4 Ne5 24. Bc3 Nbd3 25. Rf1 Bg7 26. Nd4 h5 27. Rg3 Qe7 28. Rh3 Rc7 29. Bc2 Bc8 30. Rh1 Bg4 31. f3 Bd7 32. g3 Bh6 33. Kg2 Bc8 34. Qe2 Bd7 35. Rb1 f5 36. Rhf1 f4 37. Rh1 fxg3 38. Kxg3 Bf4+ 39. Kg2 Qf7 40. Nf1 Bh6 41. Bd2 Bxd2 42. Qxd2 Nf4+ 43. Kf2 Qf6 44. Ke1 Kh7 45. Kd1 Rec8 46. Ne3 c3 47. Qf2 Nc4 48. Nf1 1-0


[Site "https://www.chess.com"]

[Event "Titled Tuesday Blitz January 17 Late 2023"]
[White "Figorito, Nick"]
[Black "Rangel, Daniel"]
[WhiteFideId "30923689"]
[BlackFideId "2124475"]
[WhiteElo "2036"]
[BlackElo "2207"]
[Result "1-0"]
[Round "06"]
[TimeControl "180+2"]
[Date "2023.01.17"]
[WhiteClock "0:00:16"]
[BlackClock "0:00:00"]

1. Nf3 Nf6 2. g3 d5 3. Bg2 e6 4. O-O Be7 5. d4 O-O 6. c4 a5 7. Qc2 c6 8. b3 b5 9. Ne5 Nfd7 10. Nf3 Ba6 11. Nbd2 a4 12. Bb2 a3 13. Bc1 Bf6 14. e3 b4 15. Rd1 c5 16. cxd5 exd5 17. Rb1 Qb6 18. Nf1 c4 19. bxc4 dxc4 20. Bxa3 Be7 21. Bxb4 Bxb4 22. a3 Nc6 23. axb4 Nxb4 24. Qd2 Rab8 25. Ne5 Nxe5 26. dxe5 Rfc8 27. Qc3 Qc5 28. Bh3 Rc6 29. Rxb4 Rf8 30. Rdb1 h5 31. Bg2 Rcc8 32. Nd2 Rce8 33. Nxc4 Rc8 34. Bf1 Rc7 35. Qd4 Qe7 36. Qe4 Bc8 37. Nd6 Be6 38. Rb8 g6 39. Rxf8+ Kxf8 40. Rb8+ Kg7 41. Qf4 Rd7 42. Ne8+ Kh7 43. Nf6+ Kg7 44. Rg8# 1-0


[Site "https://www.chess.com"]

[Event "Titled Tuesday Blitz January 17 Late 2023"]
[White "Stachanczyk, Jacek"]
[Black "Odegov, Artem"]
[WhiteFideId "1116657"]
[BlackFideId "34183644"]
[WhiteElo "2147"]
[BlackElo "2261"]
[Result "0-1"]
[Round "06"]
[TimeControl "180+2"]
[Date "2023.01.17"]
[WhiteClock "0:00:33"]
[BlackClock "0:00:25"]

1. e4 c5 2. Nf3 d6 3. d4 cxd4 4. Nxd4 Nf6 5. Nc3 a6 6. Bg5 Nbd7 7. Qe2 h6 8. Bh4 g6 9. f4 e5 10. O-O-O exd4 11. e5 dxc3 12. exf6+ Ne5 13. fxe5 Be6 14. exd6 Qa5 15. d7+ Kd8 16. Rd3 cxb2+ 17. Kxb2 Qxa2+ 18. Kc1 Bb4 19. Qe5 Ba3+ 20. Kd1 Qb1+ 21. Ke2 Qxc2+ 22. Kf3 Qc6+ 23. Kg3 g5 24. Qa5+ b6 25. Qxa3 gxh4+ 26. Kxh4 Qe4+ 27. Kg3 Rg8+ 28. Kf2 Qf4+ 29. Kg1 Qxf6 30. h3 Qe5 31. Qd6 Qxd6 32. Rxd6 Kc7 33. Rd2 Bxd7 34. Kf2 Bc6 35. g4 Bxh1 36. Kg3 Bc6 0-1


[Site "https://www.chess.com"]

[Event "Titled Tuesday Blitz January 17 Late 2023"]
[White "Przybylski, Wojciech"]
[Black "Kaganskiy, Gleb"]
[WhiteFideId "1117599"]
[BlackFideId "4132025"]
[WhiteElo "2321"]
[BlackElo "2205"]
[Result "1-0"]
[Round "06"]
[TimeControl "180+2"]
[Date "2023.01.17"]
[WhiteClock "0:00:08"]
[BlackClock "0:00:13"]

1. e4 e6 2. d4 d5 3. Nc3 Bb4 4. a3 Bxc3+ 5. bxc3 dxe4 6. Qg4 Nf6 7. Qxg7 Rg8 8. Qh6 Rg6 9. Qd2 c5 10. dxc5 Qc7 11. Ne2 Nbd7 12. Nf4 Rg8 13. a4 Nxc5 14. Ba3 Bd7 15. Qd4 Qxf4 16. Qxc5 Nd5 17. Bb5 Qc7 18. Bxd7+ Kxd7 19. Qb5+ Qc6 20. c4 Qxb5 21. axb5 Nf4 22. O-O-O+ Kc8 23. g3 Ne2+ 24. Kd2 Nd4 25. Kc3 e5 26. Bd6 f6 27. Rhe1 a6 28. b6 Kd7 29. Bc5 f5 30. f4 Kc6 31. fxe5 Kxc5 32. Rxd4 Rad8 33. Red1 Rxd4 34. Rxd4 Re8 35. Rd5+ Kxb6 36. Kd4 Kc6 37. Rd6+ Kc7 38. Rf6 Rd8+ 39. Ke3 Rd1 40. Rxf5 Re1+ 41. Kd2 Rh1 42. Rf7+ Kc6 43. Rxh7 a5 44. e6 a4 45. e7 Kd7 46. Rh8 Kxe7 47. Ke3 a3 48. Ra8 Rxh2 49. Rxa3 Rxc2 50. Ra4 Rg2 51. Kf4 e3 52. Ra3 e2 53. Re3+ Kd6 54. Kf3 Rg1 55. Rxe2 Kc5 56. Rb2 b6 57. Rb5+ Kc6 58. Re5 Rc1 59. Re4 Kc5 60. g4 Rxc4 61. Rxc4+ Kxc4 62. Ke4 b5 63. g5 b4 64. g6 b3 65. g7 b2 66. g8=Q+ Kc3 67. Qc8+ Kd2 68. Qd7+ Kc2 69. Qc6+ Kd2 70. Qd5+ Kc2 71. Qc5+ Kd2 72. Qd4+ Kc2 73. Qc4+ Kd2 74. Qb3 Kc1 75. Qc3+ Kb1 76. Kd3 Ka2 77. Qa5+ Kb1 78. Kc3 Kc1 79. Qa3 Kd1 80. Qxb2 Ke1 81. Qg2 Kd1 82. Qd2# 1-0


[Site "https://www.chess.com"]

[Event "Titled Tuesday Blitz January 17 Late 2023"]
[White "Petukhov, Dmitry"]
[Black "Kalajzic, Ivan"]
[WhiteFideId "4142748"]
[BlackFideId "14506378"]
[WhiteElo "2350"]
[BlackElo "2062"]
[Result "1-0"]
[Round "06"]
[TimeControl "180+2"]
[Date "2023.01.17"]
[WhiteClock "0:00:49"]
[BlackClock "0:00:12"]

1. e4 Nc6 2. Nf3 d6 3. d4 Bg4 4. Be2 e5 5. d5 Nce7 6. h3 Bd7 7. c4 Nf6 8. Nc3 g6 9. Bg5 Bg7 10. Qd2 O-O 11. g4 a6 12. a4 Qc8 13. a5 Re8 14. b4 Kh8 15. Rc1 Nfg8 16. c5 h6 17. Be3 g5 18. h4 Bxg4 19. Nxg5 Rf8 20. cxd6 Ng6 21. Nd1 Bxe2 22. Qxe2 Nf4 23. Bxf4 exf4 24. Rxc7 Qe8 25. f3 Nf6 26. Re7 Qd8 27. Nxf7+ Rxf7 28. Rxf7 Qxd6 29. Rg1 Nh5 30. Qc4 Rf8 31. Rxf8+ Qxf8 32. Qc5 Qf6 33. d6 Qxh4+ 34. Nf2 Qh2 35. Rh1 Qg2 36. Qxh5 Bd4 37. Qxh6+ Kg8 38. Qe6+ Kf8 39. Qe7+ Kg8 40. Qe8+ Kg7 41. Qh8+ 1-0


[Site "https://www.chess.com"]

[Event "Titled Tuesday Blitz January 17 Late 2023"]
[White "TheKnightOfBosnia"]
[Black "Seletsky, Grigory"]
[BlackFideId "14112191"]
[WhiteElo "2530"]
[BlackElo "2259"]
[Result "1-0"]
[Round "06"]
[TimeControl "180+2"]
[Date "2023.01.17"]
[WhiteClock "0:00:24"]
[BlackClock "0:00:35"]

1. e4 e6 2. d4 d5 3. Nd2 Nc6 4. c3 e5 5. exd5 Qxd5 6. dxe5 Nxe5 7. Ngf3 Nd3+ 8. Bxd3 Qxd3 9. Qe2+ Qxe2+ 10. Kxe2 Bf5 11. Nd4 Bg6 12. f4 O-O-O 13. f5 Re8+ 14. Kf2 Bh5 15. h3 f6 16. Ne6 Bf7 17. Nxf8 Rxf8 18. Re1 Re8 19. Rxe8+ Bxe8 20. Nf3 Ne7 21. g4 c5 22. Bf4 b6 23. Re1 Nc6 24. Nd2 Bf7 25. Ne4 Bxa2 26. Nd6+ Kd7 27. Ra1 Bb3 28. Ra3 c4 29. Nb5 a5 30. Ra1 h5 31. Kg3 hxg4 32. hxg4 Ne5 33. Bxe5 fxe5 34. Re1 Kc6 35. Rxe5 Rh1 36. Nd4+ Kc7 37. Re7+ Kd6 38. Rxg7 Rb1 39. Rg6+ Kd7 40. Rxb6 Rxb2 41. f6 Ke8 42. g5 Rb1 43. Kf4 Rf1+ 44. Ke5 a4 45. g6 a3 46. f7+ Ke7 47. Nf5+ Rxf5+ 48. Kxf5 Bc2+ 49. Kg5 a2 50. Ra6 1-0


[Site "https://www.chess.com"]

[Event "Titled Tuesday Blitz January 17 Late 2023"]
[White "Hoffmann, Asa"]
[Black "Ansh M Shah"]
[WhiteFideId "2001470"]
[BlackFideId "25033379"]
[WhiteElo "2185"]
[BlackElo "2171"]
[Result "0-1"]
[Round "06"]
[TimeControl "180+2"]
[Date "2023.01.17"]
[WhiteClock "0:02:12"]
[BlackClock "0:01:33"]

1. d4 Nf6 2. Bg5 e6 3. Nd2 d5 4. e3 Be7 5. Bd3 O-O 6. f4 c5 7. c3 Nc6 8. Ngf3 h6 9. Bh4 Ng4 10. Bxe7 Qxe7 11. Qe2 f5 12. h3 Nf6 13. g4 Ne4 14. Bxe4 fxe4 15. Ne5 cxd4 16. Nxc6 bxc6 17. cxd4 a5 18. Qf2 Rb8 19. b3 c5 20. O-O cxd4 21. exd4 Ba6 22. Rfe1 Rbc8 23. Rac1 Qa3 24. Nf1 Rxc1 0-1


[Site "https://www.chess.com"]